 Dungeon Crawl Stone Soup version 0.25.0-8-gfd19cd77bd (webtiles) character file.

Game seed: 13212815128855074328

50 Kass the Skirmisher (level 3, 0/36 HPs)
             Began as a Hill Orc Monk on June 16, 2020.
             Killed by nerve-wracking pain
             ... invoked by Jessica
              (3 damage)
             ... on level 2 of the Dungeon.
             The game lasted 00:04:23 (1743 turns).

Kass the Skirmisher (Hill Orc Monk)                 Turns: 1743, Time: 00:04:24

Health: 0/36       AC:  2    Str: 14    XL:     3   Next: 79%
Magic:  3/3        EV: 13    Int: 10    God:
Gold:   42         SH:  0    Dex: 13    Spells: 2/2 levels left

rFire    . . .     SeeInvis .   a - +0 hand axe
rCold    . . .     Gourm    .   (no shield)
rNeg     . . .     Faith    .   b - +0 robe
rPois    .         Spirit   .   (no helmet)
rElec    .         Reflect  .   (no cloak)
rCorr    .         Harm     .   (no gloves)
MR       .....                  (no boots)
Stlth    ++........             (no amulet)
HPRegen  0.12/turn              (no ring)
MPRegen  0.08/turn              (no ring)

@: slowed, very slow
A: no striking features
a: no special abilities


You were on level 2 of the Dungeon.
You were not hungry.

You visited 1 branch of the dungeon, and saw 2 of its levels.

You collected 42 gold pieces.

Inventory:

Hand Weapons
 a - a +0 hand axe (weapon)
 f - a +0 dagger of flaming
Missiles
 m - 17 poisoned darts (quivered)
Armour
 b - a +0 robe (worn)
Scrolls
 e - 2 scrolls of teleportation {unknown}
 h - 4 scrolls of identify {unknown}
 k - a scroll of remove curse {unknown}
Potions
 d - a potion of berserk rage {unknown}
 g - 2 potions of curing {unknown}
 i - a potion of might {unknown}
 j - 3 potions of flight {unknown}
 l - a potion of stabbing {unknown}


   Skills:
 + Level 5.6 Fighting
 - Level 4.0 Axes
 - Level 2.4 Dodging
 - Level 1.5 Stealth


You had 2 spell levels left.
You didn't know any spells.
Your spell library was empty.

Dungeon Overview and Level Annotations

Branches:
Dungeon (2/15)

Altars:

Annotations:
D:2 Jessica


Message History

Jessica hits you but does no damage. Jessica gestures at you while chanting.
You barely resist. You barely miss Jessica.
Jessica is heavily wounded.
Jessica barely misses you. Jessica hits you.
* * * LOW HITPOINT WARNING * * *
You closely miss Jessica.
Jessica is heavily wounded.
Jessica closely misses you.
You hit Jessica.
Jessica is severely wounded.
Jessica misses you.
Jessica points at you and mumbles some strange words.
You feel yourself slow down.
You closely miss Jessica.
Jessica is severely wounded.
Jessica points at you and mumbles some strange words.
Pain shoots through your body!
You die...

#.# #.####.## #.......# .#
######..# ########## .#
#..# ... .........#
##.##########..# §..
########.#
#..............# ..#
#.#####.#####.######.#
..##########..r@@..#.....#
#.#
...............##.....####
#.#
≈..########..(.(....(..#
#.#
....#######.##.##......#
###.#
....)r......##.#...#.#.#
#(..#
....†#..######.#...#.#.#
#(###
....##..#####......#.#.#
#.#
...≈.#...............#.#
#(#
..≈≈...?.####...#.####.#
#.#


You could see Jessica (fast) and a quokka.

Vanquished Creatures
  An adder (D:2)
  An ooze (D:1)
  A leopard gecko (D:1)
  A giant cockroach (D:2)
  8 goblins
  4 jackals (D:1)
  9 kobolds
  2 ball pythons (D:1)
  4 bats
  A frilled lizard (D:1)
  2 rats (D:1)
34 creatures vanquished.

Notes
Turn   | Place    | Note
-------+----------+-------------------------------------------
     0 | D:1      | Kass the Hill Orc Monk began the quest for the Orb.
     0 | D:1      | Reached XP level 1. HP: 19/19 MP: 1/1
    25 | D:1      | Reached skill level 4 in Fighting
    64 | D:1      | Reached XP level 2. HP: 18/27 MP: 2/2
   753 | D:1      | Reached skill level 5 in Fighting
   753 | D:1      | Reached XP level 3. HP: 19/36 MP: 3/3
  1716 | D:2      | Noticed Jessica
  1743 | D:2      | Killed from afar by Jessica

Illustrated notes

Levels and vault maps discovered:
D:1:      erik_arrival_cave_to_civilisation [erik_arrival_cave_to_hall],
          layout_loops_corners, minmay_shallow_snake_nest
D:2:      layout_loops_ring, kennysheep_decorative_pillar, minmay_vboxes,
          uniq_natasha, uniq_crazy_yiuf_cottage, uniq_jessica

Skill      XL: |  1  2 |
---------------+-------+-----
Fighting       | 4 5 |  5.6
Axes           | |  4.0
Dodging        | |  2.4
Stealth        | |  1.5

Action                   || total
-------------------------++-------
Melee: Hand axe          ||   110
Throw: Dart              ||     1
 Stab: Sleeping          ||     2
  Eat: Ration            ||     1
Armor: Robe              ||    18
Dodge: Dodged            ||    84
